 Dungeon Crawl Stone Soup version 0.22.1-2-g9c5b331 (webtiles) character file.

60 Harpaggios the Changer (level 4, 0/33 HPs)
             Began as a Merfolk Transmuter on Dec 30, 2018.
             Slain by a goblin
             ... wielding a +0 club
              (2 damage)
             ... on level 2 of the Dungeon.
             The game lasted 00:04:42 (2092 turns).

Harpaggios the Changer (Merfolk Transmuter)         Turns: 2092, Time: 00:04:42

Health: 0/33       AC:  2    Str: 10    XL:     4   Next: 4%
Magic:  7/7        EV: 13    Int: 13    God:
Gold:   88         SH:  0    Dex: 14    Spells: 4/7 levels left

rFire    . . .     SeeInvis .     - Unarmed
rCold    . . .     Gourm    .   (no shield)
rNeg     . . .     Faith    .   b - +0 robe
rPois    .         Spirit   .   (no helmet)
rElec    .         Reflect  .   (no cloak)
rCorr    .         Harm     .   (no gloves)
MR       .....                  (no boots)
Stlth    +.........             (no amulet)
HPRegen  0.11/turn              (no ring)
MPRegen  0.10/turn              (no ring)

@: no status effects
A: change form in water, swift swim, stealthy swim
a: no special abilities


You were on level 2 of the Dungeon.
You were not hungry.

You visited 1 branch of the dungeon, and saw 2 of its levels.

You collected 88 gold pieces.

Inventory:

Missiles
 a - 6 arrows
Armour
 b - a +0 robe (worn)
Jewellery
 c - an uncursed amulet of faith {unknown}
 g - an uncursed ring of fire {unknown}
Scrolls
 f - a scroll of teleportation {unknown}
 h - a scroll of remove curse
 k - a scroll of fog {unknown}
Potions
 e - a potion of flight {unknown}
 i - a potion of degeneration {unknown}
 j - 2 potions of haste {unknown}
Comestibles
 d - 4 rations


   Skills:
 + Level 2.0 Fighting
 + Level 3.4 Dodging
 + Level 3.7 Unarmed Combat
 - Level 2.0 Spellcasting
 * Level 4.1 Transmutations


You had 4 spell levels left.
You knew the following spells:

 Your Spells              Type           Power        Failure   Level  Hunger
a - Beastly Appendage     Tmut           ##....       4%          1    ##.....
b - Sticks to Snakes      Tmut           ##......     7%          2    ###....

Your spell library contained the following spells:

 Spells                   Type           Power        Failure   Level  Hunger
 Spider Form              Tmut/Pois      #.........   32%         3    ####...
 Ice Form                 Ice/Tmut       #.......     73%         4    #####..
 Blade Hands              Tmut           ##........   78%         5    ######.


Dungeon Overview and Level Annotations

Branches:
Dungeon (2/15)

Altars:


Message History

The gnoll barely misses you.
There is a stone staircase leading up here.
You hit the gnoll but do no damage. You barely miss the gnoll.
The gnoll hits you with a halberd!
You barely miss the gnoll. The gnoll misses you.
You barely miss the gnoll. The gnoll barely misses you.
You hit the gnoll but do no damage. The goblin closely misses you.
The gnoll closely misses you.
You hit the gnoll. Your punch misses the gnoll.
The gnoll is moderately wounded.
The goblin hits you with a club.
You hit the gnoll.
The gnoll is heavily wounded.
The gnoll barely misses you. The goblin hits you with a club.
You closely miss the gnoll.
The gnoll is heavily wounded.
The gnoll hits you with a halberd!
* * * LOW HITPOINT WARNING * * *
The goblin hits you with a club.
You die...

# .. g..
..########
...#...#####
#.#.#.#...#
#.).#.#.g##
#####...g@#
####### ####
... ## #####.#
#. #.....#
##.######w..###
#..........[..#


You could see a gnoll and a goblin.

Vanquished Creatures
  A gnoll (D:2)
  An adder (D:2)
  A worm (D:2)
  3 dart slugs
  A goblin (D:1)
  A hobgoblin (D:2)
  3 jackals (D:1)
  5 kobolds
  2 bats
  2 frilled lizards (D:1)
  4 rats
24 creatures vanquished.

Vanquished Creatures (collateral kills)
  A gnoll (D:2)
  A quokka (D:2)
2 creatures vanquished.

Grand Total: 26 creatures vanquished

Notes
Turn   | Place    | Note
-------+----------+-------------------------------------------
     0 | D:1      | Harpaggios the Merfolk Transmuter began the quest for the
                  | Orb.
     0 | D:1      | Reached XP level 1. HP: 15/15 MP: 3/3
   191 | D:1      | Reached skill level 3 in Transmutations
   307 | D:1      | Reached XP level 2. HP: 15/21 MP: 3/5
  1327 | D:2      | Reached XP level 3. HP: 27/27 MP: 4/6
  1356 | D:2      | Learned a level 2 spell: Sticks to Snakes
  1818 | D:2      | Reached skill level 4 in Transmutations
  1818 | D:2      | Reached XP level 4. HP: 3/33 MP: 2/7
  2092 | D:2      | Slain by a goblin

Skill      XL: |  1  2  3 |
---------------+----------+-----
Transmutations | 3 4 |  4.1
Dodging        | 3 |  3.4
Fighting       | 2 |  2.0
Unarmed Combat | |  3.7
Spellcasting   | |  2.0

Action                   |  1- 3 |  4- 6 || total
-------------------------+-------+-------++-------
Melee: Unarmed           |    78 |     8 ||    86
       Headbutt          |     9 |       ||     9
       Punch             |     3 |       ||     3
 Cast: Beastly Appendage |    11 |       ||    11
       Sticks to Snakes  |     5 |     1 ||     6
  Use: Scroll            |     1 |       ||     1
 Stab: Sleeping          |     2 |       ||     2
  Eat: Chunk             |     3 |     1 ||     4
Armor: Robe              |    11 |       ||    11
Dodge: Dodged            |    50 |     6 ||    56
